 Dungeon Crawl Stone Soup version 0.28.0 (webtiles) character file.

Game seed: 8415461493863490713

401 pkoi the Insei (level 6, -2/78 HPs)
             Began as a Draconian Monk on Feb 18, 2022.
             Was a Believer of Dithmenos.
             Slain by an orc warrior (10 damage)
             ... on level 3 of the Dungeon.
             The game lasted 00:05:50 (4462 turns).

pkoi the Insei (Draconian Monk)                     Turns: 4462, Time: 00:05:51

Health: -2/78      AC: 27    Str: 13    XL:     6   Next: 54%
Magic:  7/7        EV:  2    Int: 13    God:    Dithmenos [**....]
Gold:   166        SH:  0    Dex: 13    Spells: 5/5 levels left

rFire   . . .      SeeInvis .     - Unarmed
rCold   . . .      Faith    .   (no shield)
rNeg    . . .      Spirit   .   (armour unavailable)
rPois   +          Reflect  .   (helmet currently unavailable)
rElec   .          Harm     .   (cloak currently unavailable)
rCorr   .          Rampage  .   (gloves currently unavailable)
Will    +....      NoTele   +   (boots currently unavailable)
Stlth   +++.......              (no amulet)
HPRegen 0.23/turn               b - ring of willpower
MPRegen 0.10/turn               f - +4 ring of protection

@: tree-form, wreathed by umbra
A: stationary, stasis, torment immunity, boosted hp, AC +6, unfitting armour,
(cold-blooded)
a: Renounce Religion, Shadow Step


You were on level 3 of the Dungeon.
You worshipped Dithmenos.
Dithmenos was pleased with you.
You were a tree.
You visited 1 branch of the dungeon, and saw 4 of its levels.

You collected 166 gold pieces.

Inventory:

Hand Weapons
 p - a +0 long sword
Missiles
 d - 14 poisoned darts (quivered)
Armour
 j - a +0 cloak (melded)
Jewellery
 b - a ring of willpower (left branch)
 e - a ring of positive energy
 f - a +4 ring of protection (right branch)
Scrolls
 h - a scroll of enchant weapon
 n - 3 scrolls of teleportation
Potions
 a - 4 potions of heal wounds
 i - a potion of brilliance
 k - a potion of flight {unknown}
 l - a potion of curing
 m - a potion of haste {unknown}
 o - a potion of mutation {unknown}


   Skills:
 - Level 4.0 Fighting
 - Level 3.0 Dodging
 + Level 3.0 Stealth
 + Level 6.0 Unarmed Combat
 + Level 2.3 Invocations


You had 5 spell levels left.
You didn't know any spells.
Your spell library contained the following spells:

 Spells                   Type           Power      Damage    Failure   Level
 Summon Small Mammal      Summ           0%         N/A       30%         1
 Corpse Rot               Necr/Air       0%         N/A       43%         2
 Poisonous Vapours        Pois/Air       0%         N/A       43%         2
 Call Canine Familiar     Summ           0%         N/A       67%         3
 Confusing Touch          Hex            0%         N/A       67%         3
 Conjure Flame            Conj/Fire      0%         6-21      67%         3
 Ignite Poison            Fire/Tmut/Pois 0%         N/A       67%         3
 Summon Guardian Golem    Hex/Summ       0%         N/A       67%         3
 Sticky Flame             Conj/Fire      0%         2d3       97%         4
 Yara's Violent Unravell  Hex/Tmut       0%         3d3       100%        5
 Enfeeble                 Hex            0%         N/A       100%        7


Dungeon Overview and Level Annotations

Branches:
Dungeon (4/15)
 Temple: D:4-7

Altars:
Dithmenos
Sif Muna

Shops:
D:1 =


Innate Abilities, Weirdness & Mutations

You are a tree.
Your roots penetrate the ground, keeping you stationary.
You cannot be teleported.
You are immune to unholy pain and torment.
Your maximum health is greatly increased.
Your equipment is partially melded.
((Your plain brown scales are hard. (AC +6)))
You cannot fit into any form of body armour.
((You are cold-blooded and may be slowed by cold attacks.))


Message History

The orc warrior hits you with a +2 scimitar of holy wrath!
* * * LOW HITPOINT WARNING * * *
Things that are here:
a +0 club; a gnoll skeleton
There is an open door here.
It was a potion of lignification.
You turn into a tree.
Your +0 cloak melds into your body.
Your roots penetrate the ground.
The orc warrior hits you but does no damage.
You hit the orc warrior.
The orc warrior is lightly wounded.
The orc warrior hits you with a +2 scimitar of holy wrath.
* * * LOW HITPOINT WARNING * * *
You hit the orc warrior but do no damage.
The orc warrior is lightly wounded.
The orc warrior barely misses you.
You hit the orc warrior. Your punch misses the orc warrior.
The orc warrior is lightly wounded.
The orc warrior hits you with a +2 scimitar of holy wrath!
* * * LOW HITPOINT WARNING * * *
You smack the orc warrior!
The orc warrior is heavily wounded.
The orc warrior hits you but does no damage.
You hit the orc warrior.
The orc warrior is heavily wounded.
You hit the orc warrior but do no damage.
The orc warrior is heavily wounded.
The orc warrior hits you with a +2 scimitar of holy wrath.
* * * LOW HITPOINT WARNING * * *
You hit the orc warrior but do no damage.
The orc warrior is heavily wounded.
The orc warrior hits you with a +2 scimitar of holy wrath.
* * * LOW HITPOINT WARNING * * *
You hit the orc warrior.
The orc warrior is severely wounded.
The orc warrior hits you with a +2 scimitar of holy wrath.
* * * LOW HITPOINT WARNING * * *
You hit the orc warrior but do no damage.
The orc warrior is severely wounded.
The orc warrior hits you with a +2 scimitar of holy wrath!
You die...

......#.........##.#
......#.........#..###
................#....#
........#.#####.#.)#.#
........'........)>#.#
........########.###.#
........# #.# #.####
........# #o# #....#
#####...# ###♣######.#
#...# #.....# #.#
#...## #.....# #.#####
#####....## #.....#
#.....# ....'.....##
#.....# #####.#
#####......# #.....#
#.# #....#.###.....#
#.# #)...#..##.....#
#.# ##...##.##.....#
#.#


You could see an orc warrior.

Vanquished Creatures
  A water moccasin skeleton (D:4)
  A howler monkey (D:3)
  A bullfrog zombie (D:3)
  A hound (D:4)
  A gnoll shaman (D:4)
  An orc wizard (D:4)
  8 gnolls
  2 adders
  An adder skeleton (D:4)
  A worm (D:2)
  5 dart slugs
  An orc (D:4)
  7 endoplasms
  3 giant cockroaches
  11 goblins
  6 hobgoblins
  7 jackals
  A quokka (D:1)
  11 ball pythons
  4 bats (D:3)
  8 frilled lizards
  8 kobolds
  8 rats
98 creatures vanquished.

Vanquished Creatures (others)
  An orc wizard (D:4)
1 creature vanquished.

Grand Total: 99 creatures vanquished

Notes
Turn   | Place    | Note
-------+----------+-------------------------------------------
     0 | D:1      | pkoi the Draconian Monk began the quest for the Orb.
     0 | D:1      | Reached XP level 1. HP: 19/19 MP: 1/1
   214 | D:1      | Found Umups's Jewellery Shop.
   238 | D:1      | Reached XP level 2. HP: 19/26 MP: 2/2
   684 | D:1      | Found a faded altar of an unknown god.
   897 | D:1      | Reached skill level 4 in Unarmed Combat
   948 | D:1      | Reached XP level 3. HP: 22/31 MP: 3/3
  2149 | D:2      | Reached XP level 4. HP: 39/39 MP: 4/4
  2751 | D:3      | Reached skill level 5 in Unarmed Combat
  2751 | D:3      | Reached XP level 5. HP: 42/46 MP: 5/5
  3042 | D:3      | Found a shadowy altar of Dithmenos.
  3054 | D:3      | Found a shimmering blue altar of Sif Muna.
  3075 | D:3      | Became a worshipper of Dithmenos the Shadowed
  3075 | D:3      | Reached * piety under Dithmenos
  3075 | D:3      | Reached ** piety under Dithmenos
  3645 | D:3      | Reached skill level 1 in Invocations
  3764 | D:4      | Reached XP level 6. HP: 50/52 MP: 7/7
  4090 | D:4      | Reached skill level 6 in Unarmed Combat
  4181 | D:4      | Noticed an orc warrior
  4462 | D:3      | Slain by an orc warrior

Illustrated notes

Levels and vault maps discovered:
D:1:      lightli_arrival_farm, layout_basic, serial_shops,
          nicolae_diamond_shop, dreamdust_ecumenical_altar_statues,
          chequers_avenue, minmay_vboxes
D:2:      layout_basic, minmay_quadrilaterals
D:3:      layout_basic, mainiacjoe_overflow_large_starburst
D:4:      layout_basic, nicolae_overflow_hidden_temple

Skill      XL: |  1  2  3  4  5  6 |
---------------+-------------------+-----
Unarmed Combat | 4 5 6 |  6.0
Dodging        | 3 |  3.0
Fighting       | 4 |  4.0
Stealth        | 2 3 |  3.0
Invocations    | 1 2 |  2.3

Action                   |  1- 3 |  4- 6 || total
-------------------------+-------+-------++-------
Melee: Unarmed           |   136 |   209 ||   345
       Tailslap          |    18 |    30 ||    48
       Punch             |     5 |    12 ||    17
  Use: Scroll            |     2 |     5 ||     7
       Potion            |     1 |     1 ||     2
 Stab: Sleeping          |     4 |     5 ||     9
Armor: Skin              |    29 |    61 ||    90
Dodge: Dodged            |    64 |   144 ||   208
